Nordiques vs Predators
(R1)
Created - May 17, 2018 at 20:53
Goals
|
| Nordiques |
0 |
1 |
1 |
2 |
| Predators |
1 |
0 |
2 |
3 |
|
Shots
|
| Nordiques |
6 |
11 |
8 |
25 |
| Predators |
9 |
11 |
14 |
34 |
|
1st period
1. Predators , Ryan Kesler 4 (Alexander Ovechkin 10) at 4:37 (PP)
Penalties :
Tim Connolly (Que) for Holding (Minor) at 4:30, Ryan Ellis (Que) for Hooking (Minor) at 4:59, Bruno Gervais (Que) for Hooking (Minor) at 7:35, Adam Burish (Nas) for Holding (Minor) at 11:44, Barret Jackman (Nas) for Interference (Minor) at 15:22
2nd period
2. Nordiques , Tim Connolly 3 (Vladimir Tarasenko 2) at 16:23 (PP)
Penalties :
Marek Svatos (Que) for Hooking (Minor) at 6:17, Chris Lawrence (Nas) for Tripping (Minor) at 15:40, Byron Bitz (Nas) for Hooking (Minor) at 18:36
3rd period
3. Predators , Alexander Ovechkin 7 (Byron Bitz 6, Adam Burish 2) at 1:57
4. Nordiques , Marek Svatos 8 (Daniel Briere 15) at 5:32 (PP)
5. Predators , Andy Miele 2 (Adam Burish 3, Justin Abdelkader 2) at 13:16
Penalties :
R.J. Umberger (Que) for Checking from behind (Minor) at 2:00, Byron Bitz (Nas) for Tripping (Minor) at 5:31, Daniel Briere (Que) for Hooking (Minor) at 14:56, Kyle Calder (Que) for Interference (Minor) at 18:38
Goalie Stats
Jonathan Quick (Que), 31 saves from 34 shots - (0.912), L, 5-5-1, 60:00 minutes
Chad Johnson (Nas), 23 saves from 25 shots - (0.920), W, 2-0-0, 60:00 minutes
Players Stats for Nordiques
Player Name G A P +/- PIM S H SB GA TA FO MP PP MP PK MP
------------------------------------------------------------------------------------
Bruno Gervais 0 0 0 -1 2 1 1 2 0 1 0/0 16:00 0:47 0:07
Daniel Briere 0 1 1 0 2 0 1 1 1 0 14/25 17:50 3:11 1:03
Dustin Byfuglien 0 0 0 -1 0 1 0 1 0 2 0/0 28:34 4:05 6:12
Fedor Tyutin 0 0 0 0 0 1 0 0 0 1 0/0 18:30 2:30 5:11
Jean-Pierre Dumont 0 0 0 -2 0 0 0 1 0 0 0/0 12:15 2:33 0:00
Kyle Calder 0 0 0 0 2 4 2 0 2 0 0/0 15:53 0:51 2:19
Marek Svatos 1 0 1 0 2 4 1 0 1 0 3/10 21:39 3:17 4:55
Mark Eaton 0 0 0 -1 0 0 0 1 0 1 0/0 21:02 2:30 5:37
Matt Moulson 0 0 0 -1 0 1 0 0 0 0 0/1 8:57 0:05 0:09
Michael Ryder 0 0 0 0 0 0 0 0 0 0 1/1 6:23 0:51 0:00
Nikolai Kulemin 0 0 0 0 0 0 0 0 0 0 0/0 5:55 0:00 0:00
Paul Gaustad 0 0 0 -1 0 0 0 0 1 0 4/7 14:07 0:51 2:50
R.J. Umberger 0 0 0 0 2 0 0 0 0 1 0/0 19:07 3:12 2:21
Rich Peverley 0 0 0 0 0 0 1 0 0 1 1/1 6:20 0:06 0:15
Ryan Ellis 0 0 0 -1 2 2 0 1 0 2 0/0 26:59 3:30 4:56
T.J. Fast 0 0 0 0 0 0 1 1 1 1 0/0 11:10 0:00 0:43
Tim Connolly 1 0 1 -1 2 5 0 1 0 0 11/21 20:04 2:33 5:45
Vladimir Tarasenko 0 1 1 -1 0 6 0 0 0 0 1/2 17:45 2:33 3:09
Players Stats for Predators
Player Name G A P +/- PIM S H SB GA TA FO MP PP MP PK MP
------------------------------------------------------------------------------------
Adam Burish 0 2 2 2 2 3 1 0 2 3 0/0 15:11 0:01 2:44
Alexander Edler 0 0 0 0 0 0 2 2 0 0 0/0 27:02 7:18 4:24
Alexander Ovechkin 1 1 2 1 0 4 3 2 1 0 2/10 25:02 6:04 3:52
Alexander Steen 0 0 0 0 0 0 1 0 0 0 1/2 15:24 4:33 1:06
Andy Miele 1 0 1 1 0 3 2 0 0 0 1/3 8:48 0:00 0:00
Barret Jackman 0 0 0 0 2 0 1 0 1 0 0/0 11:02 0:00 0:00
Brett Clark 0 0 0 2 0 2 3 0 0 0 0/0 17:33 0:00 2:17
Byron Bitz 0 1 1 1 4 4 1 0 1 0 0/0 16:35 4:16 1:17
Chris Lawrence 0 0 0 0 2 1 0 1 0 0 0/1 10:43 0:00 1:56
Dmitri Kalinin 0 0 0 0 0 1 0 0 0 0 0/0 15:25 4:05 0:00
James Van Riemsdyk 0 0 0 0 0 0 2 0 0 0 0/0 9:16 1:06 0:00
John Moore 0 0 0 2 0 5 0 1 1 1 0/0 22:00 4:05 2:17
Justin Abdelkader 0 1 1 1 0 1 1 0 0 0 0/0 9:51 0:23 0:00
Marc Savard 0 0 0 0 0 1 1 0 0 0 10/17 12:24 0:00 0:00
Mikael Granlund 0 0 0 0 0 1 0 0 0 0 3/9 13:04 4:36 0:37
Niclas Bergfors 0 0 0 0 0 3 0 0 2 0 0/0 18:44 6:28 0:00
Ryan Kesler 1 0 1 0 0 5 3 0 0 0 16/26 18:08 6:42 1:50
Ryan Mcdonagh 0 0 0 0 0 0 1 2 2 2 0/0 27:02 7:18 4:24
3 Stars
1 - Alexander Ovechkin (Nas)
2 - Andy Miele (Nas)
3 - Ryan Kesler (Nas)
Power Play
Nordiques - 2 on 5 Attempt(s) - 40.00%
Predators - 1 on 7 Attempt(s) - 14.29%
Penalty Kill
Nordiques - 6 on 7 Attempt(s) - 85.71%
- Score 0 goal in Penalty Kill
Predators - 3 on 5 Attempt(s) - 60.00%
- Score 0 goal in Penalty Kill
Team Stat
Nordiques - Hits : 7 - Faceoff Wins : 35 - Blocked Shots : 9 - Penalty Minutes : 14
Predators - Hits : 22 - Faceoff Wins : 33 - Blocked Shots : 8 - Penalty Minutes : 10
Official
Referees : Furlatt Eric and Devorski Paul
Linesman : Steve Miller and Derek Amell
Game Notes
No Game Note
Finance
Level 1 -- Attendance: 6000 (100.00%) -- Ticket Income $528,000
Level 2 -- Attendance: 5000 (100.00%) -- Ticket Income $270,000
Level 3 -- Attendance: 2000 (100.00%) -- Ticket Income $68,000
Level 4 -- Attendance: 4000 (100.00%) -- Ticket Income $104,000
Luxury Box -- Attendance: 1000 (100.00%) -- Ticket Income $170,000
Game was played at the Wildcat center.
Total Attendance: 18000 (100.00%)
Total Ticket Income: $1,140,000
Other Income: $171,000
Total Income: $1,311,000
Nordiques
5 vs 5 Forward
Center Left Wing Right Wing Time % Phy DF OF
1 Daniel Briere R.J. Umberger Marek Svatos 40 2 1 2
2 Tim Connolly Kyle Calder Vladimir Tarasenko 30 2 1 2
3 Paul Gaustad Matt Moulson Jean-Pierre Dumont 20 2 1 2
4 Rich Peverley Nikolai Kulemin Michael Ryder 10 2 1 2
5 vs 5 Defense
Defense Defense Time % Phy DF OF
1 Dustin Byfuglien Ryan Ellis 40 1 3 1
2 Bruno Gervais Mark Eaton 30 1 3 1
3 T.J. Fast Fedor Tyutin 20 1 3 1
4 Dustin Byfuglien Ryan Ellis 10 1 3 1
PowerPlay Forward
Center Left Wing Right Wing Time % Phy DF OF
1 Daniel Briere R.J. Umberger Marek Svatos 60 0 0 5
2 Tim Connolly Jean-Pierre Dumont Vladimir Tarasenko 40 0 0 5
PowerPlay Defense
Defense Defense Time % Phy DF OF
1 Dustin Byfuglien Ryan Ellis 60 0 2 3
2 Fedor Tyutin Mark Eaton 40 0 2 3
Penalty Kill 4 Players Forward
Center Wing Time % Phy DF OF
1 Marek Svatos Tim Connolly 60 1 4 0
2 Vladimir Tarasenko R.J. Umberger 40 1 4 0
Penalty Kill 4 Players Defense
Defense Defense Time % Phy DF OF
1 Dustin Byfuglien Ryan Ellis 60 2 3 0
2 Fedor Tyutin Mark Eaton 40 2 3 0
Penalty Kill - 3 Players Forward
Forward Time % Phy DF OF
1 Marek Svatos 60 0 5 0
2 Tim Connolly 40 0 5 0
Penalty Kill - 3 Players Defense
Defense Defense Time % Phy DF OF
1 Dustin Byfuglien Ryan Ellis 60 1 4 0
2 Fedor Tyutin Mark Eaton 40 1 4 0
4 vs 4 Forward
Center Wing Time % Phy DF OF
1 Daniel Briere Tim Connolly 60 1 1 3
2 Vladimir Tarasenko R.J. Umberger 40 1 1 3
4 vs 4 Defense
Defense Defense Time % Phy DF OF
1 Dustin Byfuglien Ryan Ellis 60 1 3 1
2 Fedor Tyutin Mark Eaton 40 1 3 1
Last Minutes Offensive
Center Left Wing Right Wing Defense Defense
Daniel Briere R.J. Umberger Marek Svatos Dustin Byfuglien Ryan Ellis
Last Minutes Defensive
Center Left Wing Right Wing Defense Defense
Tim Connolly R.J. Umberger Marek Svatos Fedor Tyutin Ryan Ellis
Goaltenders
Starting : Jonathan Quick
Backup : Julien Ellis
Extra Forwards
Normal : Vladimir Tarasenko, Daniel Briere, Marek Svatos - PP : Vladimir Tarasenko, Daniel Briere - PK : Paul Gaustad
Extra Defensemen
Normal : Ryan Ellis, Dustin Byfuglien, Fedor Tyutin - PP : Ryan Ellis - PK : Mark Eaton, T.J. Fast
Penalty Shots
Marek Svatos, Tim Connolly, Vladimir Tarasenko, R.J. Umberger, Daniel Briere
Scratches
Marc-André Gragnani (Healthy), Matt Gilroy (Healthy), Petr Kalus (Healthy)
Predators
5 vs 5 Forward
Center Left Wing Right Wing Time % Phy DF OF
1 Marc Savard Alexander Ovechkin Niclas Bergfors 40 1 2 2
2 Ryan Kesler Alexander Steen Byron Bitz 30 1 2 2
3 Mikael Granlund James Van Riemsdyk Chris Lawrence 20 1 2 2
4 Andy Miele Justin Abdelkader Adam Burish 10 1 2 2
5 vs 5 Defense
Defense Defense Time % Phy DF OF
1 Ryan Mcdonagh Alexander Edler 40 1 2 2
2 John Moore Brett Clark 30 1 2 2
3 Dmitri Kalinin Barret Jackman 20 1 2 2
4 Ryan Mcdonagh Alexander Edler 10 1 2 2
PowerPlay Forward
Center Left Wing Right Wing Time % Phy DF OF
1 Ryan Kesler Alexander Ovechkin Niclas Bergfors 60 1 0 4
2 Mikael Granlund Alexander Steen Byron Bitz 40 1 0 4
PowerPlay Defense
Defense Defense Time % Phy DF OF
1 Ryan Mcdonagh Alexander Edler 60 1 1 3
2 Dmitri Kalinin John Moore 40 1 1 3
Penalty Kill 4 Players Forward
Center Wing Time % Phy DF OF
1 Alexander Ovechkin Adam Burish 60 1 2 2
2 Ryan Kesler Byron Bitz 40 1 2 2
Penalty Kill 4 Players Defense
Defense Defense Time % Phy DF OF
1 Ryan Mcdonagh Alexander Edler 60 1 2 2
2 John Moore Brett Clark 40 1 2 2
Penalty Kill - 3 Players Forward
Forward Time % Phy DF OF
1 Byron Bitz 60 1 2 2
2 Adam Burish 40 1 2 2
Penalty Kill - 3 Players Defense
Defense Defense Time % Phy DF OF
1 Ryan Mcdonagh Alexander Edler 60 1 2 2
2 John Moore Brett Clark 40 1 2 2
4 vs 4 Forward
Center Wing Time % Phy DF OF
1 Alexander Ovechkin Niclas Bergfors 60 1 2 2
2 Ryan Kesler Byron Bitz 40 1 2 2
4 vs 4 Defense
Defense Defense Time % Phy DF OF
1 Ryan Mcdonagh Alexander Edler 60 1 2 2
2 John Moore Dmitri Kalinin 40 1 2 2
Last Minutes Offensive
Center Left Wing Right Wing Defense Defense
Ryan Kesler Alexander Ovechkin Byron Bitz Ryan Mcdonagh Alexander Edler
Last Minutes Defensive
Center Left Wing Right Wing Defense Defense
Ryan Kesler Alexander Ovechkin Byron Bitz Ryan Mcdonagh Alexander Edler
Goaltenders
Starting : Chad Johnson
Backup : Viktor Fasth
Extra Forwards
Normal : James Van Riemsdyk, Justin Abdelkader, Mikael Granlund - PP : James Van Riemsdyk, Justin Abdelkader - PK : Chris Lawrence
Extra Defensemen
Normal : Dmitri Kalinin, Barret Jackman, John Moore - PP : Dmitri Kalinin - PK : Barret Jackman, John Moore
Penalty Shots
Alexander Ovechkin, Niclas Bergfors, Ryan Kesler, Byron Bitz, Alexander Steen
Scratches
Kris Vernarsky (Healthy)
% Time on Ice - Nordiques
Lines # - Real PCT - Wanted PCT - Time Play
Normal Forward
1 - 37% - 40% - 15:42
2 - 29% - 30% - 12:03
3 - 20% - 20% - 8:16
4 - 14% - 10% - 5:55
Normal Defense
1 - 41% - 40% - 17:16
2 - 32% - 30% - 13:37
3 - 23% - 20% - 9:45
4 - 3% - 10% - 1:18
PP Forward
1 - 60% - 60% - 4:01
2 - 40% - 40% - 2:40
PP Defense
1 - 61% - 60% - 4:05
2 - 39% - 40% - 2:36
PK Forward
1 - 72% - 60% - 8:14
2 - 28% - 40% - 3:09
PK Defense
1 - 54% - 60% - 6:12
2 - 46% - 40% - 5:11
PK3 Forward
1 - 0% - 60%
2 - 0% - 40%
PK3 Defense
1 - 0% - 60%
2 - 0% - 40%
44 Forward
1 - 0% - 60%
2 - 0% - 40%
44 Defense
1 - 0% - 60%
2 - 0% - 40%
Last Minute Offensive - 0:00
Last Minute Defensive - 0:00
Total
Forward - 60:00
Defense - 60:00
|
% Time on Ice - Predators
Lines # - Real PCT - Wanted PCT - Time Play
Normal Forward
1 - 36% - 40% - 15:16
2 - 25% - 30% - 10:21
3 - 18% - 20% - 7:31
4 - 21% - 10% - 8:48
Normal Defense
1 - 37% - 40% - 15:43
2 - 37% - 30% - 15:38
3 - 25% - 20% - 10:32
4 - 0% - 10% - 0:03
PP Forward
1 - 60% - 60% - 6:50
2 - 40% - 40% - 4:33
PP Defense
1 - 64% - 60% - 7:18
2 - 36% - 40% - 4:05
PK Forward
1 - 73% - 60% - 4:51
2 - 27% - 40% - 1:50
PK Defense
1 - 66% - 60% - 4:24
2 - 34% - 40% - 2:17
PK3 Forward
1 - 0% - 60%
2 - 0% - 40%
PK3 Defense
1 - 0% - 60%
2 - 0% - 40%
44 Forward
1 - 0% - 60%
2 - 0% - 40%
44 Defense
1 - 0% - 60%
2 - 0% - 40%
Last Minute Offensive - 0:00
Last Minute Defensive - 0:00
Total
Forward - 60:00
Defense - 60:00
|
Play by Play
1st period
0:01 of 1st period - Marc Savard wins face-off versus Daniel Briere in neutral zone.
0:11 of 1st period - Daniel Briere is hit by Ryan Mcdonagh and loses puck.
0:29 of 1st period - Off-side.
0:30 of 1st period - Alexander Steen wins face-off versus Tim Connolly in neutral zone.
0:35 of 1st period - Slapshot by Byron Bitz.
0:35 of 1st period - Deflect By Mark Eaton.
0:35 of 1st period - Stopped by Jonathan Quick with a rebound.
0:37 of 1st period - Slapshot by Byron Bitz.
0:37 of 1st period - Deflect By Mark Eaton.
0:37 of 1st period - Shot Misses the Net.
0:37 of 1st period - Puck is out of play.
0:38 of 1st period - Mikael Granlund wins face-off versus Paul Gaustad in Nordiques zone.
0:55 of 1st period - Bruno Gervais is hit by James Van Riemsdyk and loses puck.
1:30 of 1st period - Wrist shot by Alexander Ovechkin.
1:30 of 1st period - Stopped by Jonathan Quick with a rebound.
1:32 of 1st period - Slapshot by John Moore.
1:32 of 1st period - Stopped by Jonathan Quick with a rebound.
1:34 of 1st period - Slapshot by Brett Clark.
1:34 of 1st period - Shot Blocked by Tim Connolly.
1:36 of 1st period - Slapshot by John Moore.
1:36 of 1st period - Stopped by Jonathan Quick with a rebound.
1:38 of 1st period - Snap shot by Marc Savard.
1:38 of 1st period - Shot Misses the Net.
1:40 of 1st period - Slapshot by John Moore.
1:40 of 1st period - Shot Blocked by T.J. Fast.
1:56 of 1st period - Wrist shot by Ryan Kesler.
1:56 of 1st period - Shot Misses the Net.
1:58 of 1st period - Slapshot by John Moore.
1:58 of 1st period - Stopped by Jonathan Quick without a rebound.
1:59 of 1st period - Ryan Kesler wins face-off versus Marek Svatos in Nordiques zone.
2:07 of 1st period - Slapshot by Dmitri Kalinin.
2:07 of 1st period - Stopped by Jonathan Quick without a rebound.
2:08 of 1st period - Daniel Briere wins face-off versus Ryan Kesler in Nordiques zone.
2:37 of 1st period - Wrist shot by Marc Savard.
2:37 of 1st period - Shot Misses the Net.
2:50 of 1st period - Icing by Ryan Ellis.
2:51 of 1st period - Daniel Briere wins face-off versus Mikael Granlund in Nordiques zone.
3:16 of 1st period - Icing by James Van Riemsdyk.
3:17 of 1st period - Paul Gaustad wins face-off versus Mikael Granlund in Predators zone.
3:22 of 1st period - Snap shot by Matt Moulson.
3:22 of 1st period - Shot Misses the Net.
3:39 of 1st period - Off-side.
3:40 of 1st period - Michael Ryder wins face-off versus Marc Savard in neutral zone.
3:59 of 1st period - Icing by Barret Jackman.
4:00 of 1st period - Daniel Briere wins face-off versus Marc Savard in Predators zone.
4:19 of 1st period - Wrist shot by Alexander Ovechkin.
4:19 of 1st period - Shot Misses the Net.
4:27 of 1st period - Snap shot by Niclas Bergfors.
4:27 of 1st period - Stopped by Jonathan Quick without a rebound.
4:28 of 1st period - Tim Connolly wins face-off versus Ryan Kesler in Nordiques zone.
4:30 of 1st period - Minor Penalty to Tim Connolly for Holding.
4:31 of 1st period - Ryan Kesler wins face-off versus Marek Svatos in Nordiques zone.
4:37 of 1st period - Slapshot by Ryan Kesler.
4:37 of 1st period - Goal by Ryan Kesler - Nordiques : 0 - Predators : 1.
4:38 of 1st period - Tim Connolly wins face-off versus Ryan Kesler in neutral zone.
4:43 of 1st period - Snap shot by Vladimir Tarasenko.
4:43 of 1st period - Deflect By Tim Connolly.
4:43 of 1st period - Stopped by Chad Johnson with a rebound.
4:59 of 1st period - Minor Penalty to Ryan Ellis for Hooking.
5:00 of 1st period - Ryan Kesler wins face-off versus Marek Svatos in Nordiques zone.
5:08 of 1st period - Off-side.
5:09 of 1st period - Marek Svatos wins face-off versus Ryan Kesler in neutral zone.
5:13 of 1st period - Off-side.
5:14 of 1st period - Tim Connolly wins face-off versus Ryan Kesler in neutral zone.
5:17 of 1st period - Wrist shot by Dustin Byfuglien.
5:17 of 1st period - Shot Misses the Net.
5:19 of 1st period - Slapshot by Mark Eaton.
5:19 of 1st period - Shot Misses the Net.
5:51 of 1st period - Snap shot by Alexander Edler.
5:51 of 1st period - Shot Misses the Net.
6:41 of 1st period - Snap shot by Vladimir Tarasenko.
6:41 of 1st period - Stopped by Chad Johnson with a rebound.
6:59 of 1st period - Penalty to Ryan Ellis is over, Ryan Ellis is back on ice.
7:32 of 1st period - Slapshot by Mikael Granlund.
7:32 of 1st period - Stopped by Jonathan Quick without a rebound.
7:33 of 1st period - Paul Gaustad wins face-off versus Chris Lawrence in Nordiques zone.
7:35 of 1st period - Minor Penalty to Bruno Gervais for Hooking.
7:36 of 1st period - Marek Svatos wins face-off versus Ryan Kesler in Nordiques zone.
7:46 of 1st period - Snap shot by Tim Connolly.
7:46 of 1st period - Shot Blocked by John Moore.
9:35 of 1st period - Penalty to Bruno Gervais is over, Bruno Gervais is back on ice.
9:49 of 1st period - Mark Eaton is hit by Andy Miele and loses puck.
10:06 of 1st period - Slapshot by Kyle Calder.
10:06 of 1st period - Stopped by Chad Johnson with a rebound.
10:49 of 1st period - John Moore is hit by Kyle Calder and loses puck.
11:44 of 1st period - Minor Penalty to Adam Burish for Holding.
11:45 of 1st period - Ryan Kesler wins face-off versus Daniel Briere in Predators zone.
12:16 of 1st period - Icing by Dustin Byfuglien.
12:17 of 1st period - Alexander Ovechkin wins face-off versus Tim Connolly in Nordiques zone.
12:30 of 1st period - Slapshot by Dustin Byfuglien.
12:30 of 1st period - Stopped by Chad Johnson with a rebound.
12:32 of 1st period - Snap shot by Vladimir Tarasenko.
12:32 of 1st period - Shot Misses the Net.
12:34 of 1st period - Slapshot by Ryan Ellis.
12:34 of 1st period - Shot Misses the Net.
12:36 of 1st period - Slapshot by Ryan Ellis.
12:36 of 1st period - Stopped by Chad Johnson without a rebound.
12:37 of 1st period - Daniel Briere wins face-off versus Alexander Ovechkin in Predators zone.
12:49 of 1st period - Icing by Ryan Ellis.
12:50 of 1st period - Alexander Ovechkin wins face-off versus Daniel Briere in Nordiques zone.
13:02 of 1st period - Alexander Steen is hit by Marek Svatos and loses puck.
13:29 of 1st period - Dustin Byfuglien is hit by Brett Clark.
13:33 of 1st period - Ryan Ellis is hit by Ryan Kesler and loses puck.
13:44 of 1st period - Penalty to Adam Burish is over, Adam Burish is back on ice.
15:00 of 1st period - Slapshot by Ryan Ellis.
15:00 of 1st period - Stopped by Chad Johnson without a rebound.
15:01 of 1st period - Tim Connolly wins face-off versus Ryan Kesler in Predators zone.
15:22 of 1st period - Minor Penalty to Barret Jackman for Interference.
15:23 of 1st period - Ryan Kesler wins face-off versus Tim Connolly in Predators zone.
17:22 of 1st period - Penalty to Barret Jackman is over, Barret Jackman is back on ice.
18:10 of 1st period - T.J. Fast is hit by Andy Miele and loses puck.
18:46 of 1st period - T.J. Fast is hit by Alexander Edler and loses puck.
19:29 of 1st period - Daniel Briere is hit by Justin Abdelkader and loses puck.
19:51 of 1st period - Ryan Ellis is hit by Alexander Ovechkin and loses puck.
Goals for this period are 0 for Nordiques vs 1 for Predators.
Shots for this period are 6 for Nordiques vs 9 for Predators.
2nd period
0:01 of 2nd period - Tim Connolly wins face-off versus Marc Savard in neutral zone.
0:35 of 2nd period - Snap shot by Alexander Steen.
0:35 of 2nd period - Shot Blocked by Jean-Pierre Dumont.
0:53 of 2nd period - T.J. Fast is hit by Brett Clark and loses puck.
1:30 of 2nd period - Snap shot by Kyle Calder.
1:30 of 2nd period - Stopped by Chad Johnson with a rebound.
2:18 of 2nd period - Wrist shot by Marek Svatos.
2:18 of 2nd period - Shot Blocked by Chris Lawrence.
2:46 of 2nd period - Wrist shot by Justin Abdelkader.
2:46 of 2nd period - Stopped by Jonathan Quick with a rebound.
3:38 of 2nd period - Off-side.
3:39 of 2nd period - Tim Connolly wins face-off versus Mikael Granlund in neutral zone.
3:46 of 2nd period - Wrist shot by Vladimir Tarasenko.
3:46 of 2nd period - Shot Misses the Net.
3:48 of 2nd period - Snap shot by Mark Eaton.
3:48 of 2nd period - Shot Misses the Net.
3:50 of 2nd period - Wrist shot by Tim Connolly.
3:50 of 2nd period - Stopped by Chad Johnson without a rebound.
3:51 of 2nd period - Marc Savard wins face-off versus Tim Connolly in Predators zone.
3:53 of 2nd period - Icing by Alexander Ovechkin.
3:54 of 2nd period - Tim Connolly wins face-off versus Marc Savard in Predators zone.
4:07 of 2nd period - Slapshot by Niclas Bergfors.
4:07 of 2nd period - Deflect By Alexander Ovechkin.
4:07 of 2nd period - Shot Misses the Net.
4:07 of 2nd period - Puck is out of play.
4:08 of 2nd period - Marc Savard wins face-off versus Paul Gaustad in Nordiques zone.
4:58 of 2nd period - Kyle Calder is hit by Ryan Kesler and loses puck.
5:37 of 2nd period - Matt Moulson is hit by Adam Burish and loses puck.
6:02 of 2nd period - R.J. Umberger is hit by Alexander Edler and loses puck.
6:17 of 2nd period - Minor Penalty to Marek Svatos for Hooking.
6:18 of 2nd period - Paul Gaustad wins face-off versus Ryan Kesler in Nordiques zone.
6:18 of 2nd period - Paul Gaustad is hit by Alexander Ovechkin.
6:34 of 2nd period - Wrist shot by Ryan Kesler.
6:34 of 2nd period - Shot Misses the Net.
8:17 of 2nd period - Penalty to Marek Svatos is over, Marek Svatos is back on ice.
8:50 of 2nd period - Off-side.
8:51 of 2nd period - Marc Savard wins face-off versus Daniel Briere in neutral zone.
9:06 of 2nd period - Slapshot by Justin Abdelkader.
9:06 of 2nd period - Shot Blocked by Bruno Gervais.
9:26 of 2nd period - Wrist shot by Ryan Kesler.
9:26 of 2nd period - Shot Misses the Net.
9:38 of 2nd period - Wrist shot by Rich Peverley.
9:38 of 2nd period - Shot Hit the Post.
10:03 of 2nd period - Snap shot by Marc Savard.
10:03 of 2nd period - Stopped by Jonathan Quick without a rebound.
10:04 of 2nd period - Marc Savard wins face-off versus Daniel Briere in Nordiques zone.
10:09 of 2nd period - Wrist shot by Niclas Bergfors.
10:09 of 2nd period - Stopped by Jonathan Quick with a rebound.
10:11 of 2nd period - Wrist shot by John Moore.
10:11 of 2nd period - Stopped by Jonathan Quick without a rebound.
10:12 of 2nd period - Vladimir Tarasenko wins face-off versus Marc Savard in Nordiques zone.
10:16 of 2nd period - Ryan Ellis is hit by Brett Clark and loses puck.
10:27 of 2nd period - Slapshot by Vladimir Tarasenko.
10:27 of 2nd period - Shot Blocked by Alexander Ovechkin.
10:37 of 2nd period - Wrist shot by Alexander Steen.
10:37 of 2nd period - Deflect By Byron Bitz.
10:37 of 2nd period - Stopped by Jonathan Quick with a rebound.
11:08 of 2nd period - Slapshot by Alexander Edler.
11:08 of 2nd period - Deflect By Adam Burish.
11:08 of 2nd period - Stopped by Jonathan Quick with a rebound.
11:26 of 2nd period - Slapshot by Dustin Byfuglien.
11:26 of 2nd period - Shot Blocked by Alexander Edler.
11:32 of 2nd period - Wrist shot by Tim Connolly.
11:32 of 2nd period - Stopped by Chad Johnson with a rebound.
11:34 of 2nd period - Slapshot by Dustin Byfuglien.
11:34 of 2nd period - Shot Misses the Net.
13:22 of 2nd period - Bruno Gervais is hit by Alexander Steen and loses puck.
13:29 of 2nd period - Snap shot by Ryan Kesler.
13:29 of 2nd period - Stopped by Jonathan Quick without a rebound.
13:30 of 2nd period - Marc Savard wins face-off versus Daniel Briere in Nordiques zone.
13:41 of 2nd period - Wrist shot by Alexander Ovechkin.
13:41 of 2nd period - Shot Blocked by Daniel Briere.
14:54 of 2nd period - Icing by James Van Riemsdyk.
14:55 of 2nd period - Rich Peverley wins face-off versus Mikael Granlund in Predators zone.
15:40 of 2nd period - Minor Penalty to Chris Lawrence for Tripping.
15:41 of 2nd period - Daniel Briere wins face-off versus Alexander Ovechkin in Predators zone.
15:48 of 2nd period - Wrist shot by Adam Burish.
15:48 of 2nd period - Stopped by Jonathan Quick without a rebound.
15:49 of 2nd period - Daniel Briere wins face-off versus Alexander Ovechkin in Nordiques zone.
16:16 of 2nd period - Off-side.
16:17 of 2nd period - Tim Connolly wins face-off versus Alexander Ovechkin in neutral zone.
16:19 of 2nd period - Off-side.
16:20 of 2nd period - Tim Connolly wins face-off versus Alexander Ovechkin in neutral zone.
16:23 of 2nd period - Snap shot by Tim Connolly.
16:23 of 2nd period - Goal by Tim Connolly - Nordiques : 1 - Predators : 1.
16:24 of 2nd period - Marc Savard wins face-off versus Daniel Briere in neutral zone.
16:29 of 2nd period - Wrist shot by Niclas Bergfors.
16:29 of 2nd period - Stopped by Jonathan Quick without a rebound.
16:30 of 2nd period - Daniel Briere wins face-off versus Marc Savard in Nordiques zone.
17:20 of 2nd period - Slapshot by Alexander Ovechkin.
17:20 of 2nd period - Stopped by Jonathan Quick with a rebound.
17:26 of 2nd period - Snap shot by Dustin Byfuglien.
17:26 of 2nd period - Shot Blocked by Ryan Mcdonagh.
17:44 of 2nd period - Marek Svatos is hit by Marc Savard and loses puck.
17:53 of 2nd period - Slapshot by Marek Svatos.
17:53 of 2nd period - Stopped by Chad Johnson without a rebound.
17:54 of 2nd period - Tim Connolly wins face-off versus Ryan Kesler in Predators zone.
17:55 of 2nd period - Wrist shot by Kyle Calder.
17:55 of 2nd period - Stopped by Chad Johnson with a rebound.
17:57 of 2nd period - Snap shot by Kyle Calder.
17:57 of 2nd period - Deflect By Vladimir Tarasenko.
17:57 of 2nd period - Stopped by Chad Johnson with a rebound.
17:59 of 2nd period - Slapshot by Tim Connolly.
17:59 of 2nd period - Shot Misses the Net.
18:01 of 2nd period - Slapshot by Bruno Gervais.
18:01 of 2nd period - Stopped by Chad Johnson without a rebound.
18:02 of 2nd period - Ryan Kesler wins face-off versus Tim Connolly in Predators zone.
18:02 of 2nd period - Ryan Kesler is hit by Bruno Gervais.
18:14 of 2nd period - Snap shot by Kyle Calder.
18:14 of 2nd period - Stopped by Chad Johnson without a rebound.
18:15 of 2nd period - Ryan Kesler wins face-off versus Tim Connolly in Predators zone.
18:30 of 2nd period - Wrist shot by Vladimir Tarasenko.
18:30 of 2nd period - Stopped by Chad Johnson with a rebound.
18:36 of 2nd period - Minor Penalty to Byron Bitz for Hooking.
18:37 of 2nd period - Daniel Briere wins face-off versus Alexander Ovechkin in Predators zone.
18:38 of 2nd period - Wrist shot by Marek Svatos.
18:38 of 2nd period - Shot Blocked by Alexander Ovechkin.
19:14 of 2nd period - Wrist shot by Tim Connolly.
19:14 of 2nd period - Stopped by Chad Johnson without a rebound.
19:15 of 2nd period - Ryan Kesler wins face-off versus Tim Connolly in Predators zone.
19:30 of 2nd period - Snap shot by Ryan Kesler.
19:30 of 2nd period - Deflect By Chris Lawrence.
19:30 of 2nd period - Stopped by Jonathan Quick with a rebound.
Goals for this period are 1 for Nordiques vs 0 for Predators.
Shots for this period are 11 for Nordiques vs 11 for Predators.
3rd period
0:01 of 3rd period - Daniel Briere wins face-off versus Alexander Ovechkin in neutral zone.
0:04 of 3rd period - Slapshot by Ryan Ellis.
0:04 of 3rd period - Shot Misses the Net.
0:06 of 3rd period - Snap shot by R.J. Umberger.
0:06 of 3rd period - Shot Blocked by Ryan Mcdonagh.
0:08 of 3rd period - Wrist shot by R.J. Umberger.
0:08 of 3rd period - Shot Blocked by Alexander Edler.
0:29 of 3rd period - Icing by Jean-Pierre Dumont.
0:30 of 3rd period - Ryan Kesler wins face-off versus Tim Connolly in Nordiques zone.
0:36 of 3rd period - Penalty to Byron Bitz is over, Byron Bitz is back on ice.
0:37 of 3rd period - Slapshot by Adam Burish.
0:37 of 3rd period - Shot Blocked by Ryan Ellis.
0:39 of 3rd period - Slapshot by Brett Clark.
0:39 of 3rd period - Stopped by Jonathan Quick with a rebound.
0:41 of 3rd period - Backhand shot by Byron Bitz.
0:41 of 3rd period - Shot Misses the Net.
0:43 of 3rd period - Snap shot by Adam Burish.
0:43 of 3rd period - Shot Hit the Post.
1:41 of 3rd period - Wrist shot by Adam Burish.
1:41 of 3rd period - Shot Misses the Net.
1:57 of 3rd period - Wrist shot by Alexander Ovechkin.
1:57 of 3rd period - Goal by Alexander Ovechkin - Nordiques : 1 - Predators : 2.
1:58 of 3rd period - Daniel Briere wins face-off versus Mikael Granlund in neutral zone.
2:00 of 3rd period - Minor Penalty to R.J. Umberger for Checking from behind.
2:01 of 3rd period - Mikael Granlund wins face-off versus Marek Svatos in Nordiques zone.
2:09 of 3rd period - Wrist shot by Byron Bitz.
2:09 of 3rd period - Stopped by Jonathan Quick with a rebound.
3:26 of 3rd period - James Van Riemsdyk is hit by Kyle Calder and loses puck.
4:00 of 3rd period - Penalty to R.J. Umberger is over, R.J. Umberger is back on ice.
4:10 of 3rd period - Slapshot by Fedor Tyutin.
4:10 of 3rd period - Stopped by Chad Johnson without a rebound.
4:11 of 3rd period - Paul Gaustad wins face-off versus Andy Miele in Predators zone.
4:57 of 3rd period - Snap shot by Tim Connolly.
4:57 of 3rd period - Shot Misses the Net.
4:59 of 3rd period - Snap shot by Vladimir Tarasenko.
4:59 of 3rd period - Stopped by Chad Johnson without a rebound.
5:00 of 3rd period - Ryan Kesler wins face-off versus Vladimir Tarasenko in Predators zone.
5:11 of 3rd period - Wrist shot by Alexander Steen.
5:11 of 3rd period - Shot Misses the Net.
5:13 of 3rd period - Snap shot by Alexander Edler.
5:13 of 3rd period - Shot Blocked by Bruno Gervais.
5:15 of 3rd period - Snap shot by Byron Bitz.
5:15 of 3rd period - Stopped by Jonathan Quick without a rebound.
5:16 of 3rd period - Daniel Briere wins face-off versus Marc Savard in Nordiques zone.
5:16 of 3rd period - Daniel Briere is hit by Alexander Ovechkin.
5:28 of 3rd period - Backhand shot by Marek Svatos.
5:28 of 3rd period - Stopped by Chad Johnson without a rebound.
5:29 of 3rd period - Ryan Kesler wins face-off versus Daniel Briere in Predators zone.
5:31 of 3rd period - Minor Penalty to Byron Bitz for Tripping.
5:32 of 3rd period - Daniel Briere wins face-off versus Alexander Ovechkin in Predators zone.
5:32 of 3rd period - Slapshot by Marek Svatos.
5:32 of 3rd period - Goal by Marek Svatos - Nordiques : 2 - Predators : 2.
5:33 of 3rd period - Ryan Kesler wins face-off versus Daniel Briere in neutral zone.
5:38 of 3rd period - Wrist shot by Ryan Kesler.
5:38 of 3rd period - Deflect By Byron Bitz.
5:38 of 3rd period - Deflect By Ryan Ellis.
5:38 of 3rd period - Shot Blocked by Dustin Byfuglien.
5:38 of 3rd period - Puck is out of play.
5:39 of 3rd period - Daniel Briere wins face-off versus Alexander Steen in Nordiques zone.
5:41 of 3rd period - Icing by Marek Svatos.
5:42 of 3rd period - Ryan Kesler wins face-off versus Daniel Briere in Nordiques zone.
5:57 of 3rd period - Slapshot by Ryan Kesler.
5:57 of 3rd period - Stopped by Jonathan Quick with a rebound.
5:59 of 3rd period - Snap shot by Ryan Kesler.
5:59 of 3rd period - Stopped by Jonathan Quick with a rebound.
6:19 of 3rd period - Wrist shot by Ryan Kesler.
6:19 of 3rd period - Stopped by Jonathan Quick without a rebound.
6:20 of 3rd period - Marc Savard wins face-off versus Tim Connolly in Nordiques zone.
7:35 of 3rd period - Dustin Byfuglien is hit by Byron Bitz and loses puck.
8:08 of 3rd period - Fedor Tyutin is hit by James Van Riemsdyk and loses puck.
8:27 of 3rd period - R.J. Umberger is hit by Ryan Kesler and loses puck.
8:41 of 3rd period - Icing by Mark Eaton.
8:42 of 3rd period - Daniel Briere wins face-off versus Andy Miele in Nordiques zone.
8:42 of 3rd period - Daniel Briere is hit by Barret Jackman.
9:14 of 3rd period - Wrist shot by Jean-Pierre Dumont.
9:14 of 3rd period - Shot Misses the Net.
9:16 of 3rd period - Slapshot by Dustin Byfuglien.
9:16 of 3rd period - Deflect By Matt Moulson.
9:16 of 3rd period - Stopped by Chad Johnson with a rebound.
9:35 of 3rd period - Byron Bitz is hit by Daniel Briere and loses puck.
9:49 of 3rd period - Dmitri Kalinin is hit by Rich Peverley and loses puck.
9:56 of 3rd period - Snap shot by Michael Ryder.
9:56 of 3rd period - Shot Misses the Net.
10:36 of 3rd period - Wrist shot by Adam Burish.
10:36 of 3rd period - Shot Hit the Post.
11:38 of 3rd period - Snap shot by Vladimir Tarasenko.
11:38 of 3rd period - Stopped by Chad Johnson with a rebound.
11:56 of 3rd period - Snap shot by Justin Abdelkader.
11:56 of 3rd period - Shot Misses the Net.
11:58 of 3rd period - Slapshot by John Moore.
11:58 of 3rd period - Stopped by Jonathan Quick with a rebound.
12:00 of 3rd period - Slapshot by Brett Clark.
12:00 of 3rd period - Stopped by Jonathan Quick without a rebound.
12:01 of 3rd period - Andy Miele wins face-off versus Paul Gaustad in Nordiques zone.
12:43 of 3rd period - Snap shot by Matt Moulson.
12:43 of 3rd period - Shot Misses the Net.
12:53 of 3rd period - Wrist shot by Justin Abdelkader.
12:53 of 3rd period - Shot Hit the Post.
12:55 of 3rd period - Snap shot by Adam Burish.
12:55 of 3rd period - Stopped by Jonathan Quick with a rebound.
12:57 of 3rd period - Slapshot by John Moore.
12:57 of 3rd period - Shot Blocked by Mark Eaton.
12:59 of 3rd period - Wrist shot by Andy Miele.
12:59 of 3rd period - Stopped by Jonathan Quick with a rebound.
13:01 of 3rd period - Snap shot by Andy Miele.
13:01 of 3rd period - Stopped by Jonathan Quick with a rebound.
13:16 of 3rd period - Snap shot by Andy Miele.
13:16 of 3rd period - Goal by Andy Miele - Nordiques : 2 - Predators : 3.
13:17 of 3rd period - Marc Savard wins face-off versus Marek Svatos in neutral zone.
13:32 of 3rd period - Off-side.
13:33 of 3rd period - Ryan Kesler wins face-off versus Tim Connolly in neutral zone.
14:04 of 3rd period - Off-side.
14:05 of 3rd period - Marc Savard wins face-off versus Daniel Briere in neutral zone.
14:26 of 3rd period - Snap shot by Alexander Ovechkin.
14:26 of 3rd period - Shot Misses the Net.
14:28 of 3rd period - Snap shot by Dmitri Kalinin.
14:28 of 3rd period - Deflect By Alexander Ovechkin.
14:28 of 3rd period - Stopped by Jonathan Quick with a rebound.
14:56 of 3rd period - Minor Penalty to Daniel Briere for Hooking.
14:57 of 3rd period - Mikael Granlund wins face-off versus Marek Svatos in Nordiques zone.
16:56 of 3rd period - Penalty to Daniel Briere is over, Daniel Briere is back on ice.
17:38 of 3rd period - Alexander Steen is hit by T.J. Fast.
17:57 of 3rd period - Icing by T.J. Fast.
17:58 of 3rd period - Ryan Kesler wins face-off versus Matt Moulson in Nordiques zone.
18:25 of 3rd period - Snap shot by Vladimir Tarasenko.
18:25 of 3rd period - Stopped by Chad Johnson without a rebound.
18:26 of 3rd period - Tim Connolly wins face-off versus Mikael Granlund in Predators zone.
18:38 of 3rd period - Minor Penalty to Kyle Calder for Interference.
18:39 of 3rd period - Marek Svatos wins face-off versus Ryan Kesler in Nordiques zone.
18:48 of 3rd period - Off-side.
18:49 of 3rd period - Claude Noel call a timeout for Nordiques.
18:49 of 3rd period - Ryan Kesler wins face-off versus Marek Svatos in neutral zone.
19:14 of 3rd period - Snap shot by Marek Svatos.
19:14 of 3rd period - Stopped by Chad Johnson with a rebound.
Goals for this period are 1 for Nordiques vs 2 for Predators.
Shots for this period are 8 for Nordiques vs 14 for Predators.
Back to the Top